 Dungeon Crawl Stone Soup version 0.31-a0-889-g1a8549509d (webtiles) character file.

Game seed: 17365501710142094318

117923 greenreed the Warrior (level 16, 0/165 HPs)
             Began as a Minotaur Berserker on Oct 16, 2023.
             Was the Champion of Trog.
             Slain by an alligator snapping turtle (19 damage)
             ... on level 2 of the Shoals.
             The game lasted 00:55:33 (21732 turns).

greenreed the Warrior (Minotaur Berserker)         Turns: 21732, Time: 00:55:33

Health: 0/165      AC: 26    Str: 38    XL:     16   Next: 24%
Magic:  15/15      EV: 12    Int:  4    God:    Trog [******]
Gold:   1808       SH: 16    Dex: 10    Spells: 15/15 levels left

rFire   . . .        Y - +0 eveningstar (flame)
rCold   + . .        n - +0 tower shield
rNeg    . . .        q - +3 plate armour {rC+}
rPois   +            I - +2 hat {Stlth+}
rElec   +            (no cloak)
rCorr   .            k - +0 pair of gloves
SInv    .            H - +1 pair of boots of a wizard's laboratory {-Cast rElec rPois Str+2}
Will    +++..        s - amulet of regeneration Stlth
                     o - +6 ring of strength
HPRegen 2.27/turn    T - ring of flight
MPRegen 0.14/turn

%: no spellcasting
@: strong-willed, on berserk cooldown, flying, regenerating, slowed, very slow
A: horns 2, retaliatory headbutt, MP-powered wands
a: Renounce Religion, Berserk, Trog's Hand, Brothers in Arms


You were on level 2 of the Shoals.
You worshipped Trog.
Trog was exalted by your worship.
You visited 5 branches of the dungeon, and saw 25 of its levels.

You collected 2264 gold pieces.
You spent 456 gold pieces at shops.

Inventory:

Hand Weapons
 x - a +0 hand cannon of draining
 W - the +10 rapier of Tinadem {drain, rF+ Int+4 Dex-4 SInv}
   (You found it on level 15 of the Dungeon)

   Int+4:     It affects your intelligence (+4).
   Dex-4:     It affects your dexterity (-4).
   rF+:       It protects you from fire.
   SInv:      It lets you see invisible.
 Y - a +0 eveningstar of flaming (weapon)
Missiles
 j - 9 curare-tipped darts
 R - 3 throwing nets
Armour
 k - a +0 pair of gloves (worn)
 n - a +0 tower shield (worn)
 q - a +3 plate armour of cold resistance (worn)
 H - the +1 pair of boots of a wizard's laboratory (worn) {-Cast rElec rPois Str+2}
   (You found it on level 10 of the Dungeon)

   Str+2:     It affects your strength (+2).
   rElec:     It insulates you from electricity.
   rPois:     It protects you from poison -Cast: It prevents spellcasting.
 I - a +2 hat of stealth (worn)
Jewellery
 o - a +6 ring of strength (left hand)
 p - a +6 ring of strength
 s - an amulet of regeneration (around neck)
 L - a ring of positive energy
 T - a ring of flight (right hand)
Wands
 b - a wand of acid (48)
 r - a wand of paralysis (13)
 E - a wand of roots (21)
 G - a wand of polymorph (12)
 O - a wand of flame (9)
 S - a wand of mindburst (8)
 V - a wand of digging (8)
Scrolls
 g - 3 scrolls of enchant armour {unknown}
 l - 11 scrolls of teleportation
 m - 7 scrolls of immolation
 u - 4 scrolls of enchant weapon {unknown}
 z - 3 scrolls of poison
 A - a scroll of torment {unknown}
 B - a scroll of fog {unknown}
 C - 3 scrolls of blinking
 F - a scroll of brand weapon
 M - 2 scrolls of revelation {unknown}
 P - 4 scrolls of vulnerability {unknown}
 U - 2 scrolls of noise {unknown}
 X - 2 scrolls of butterflies {unknown}
Potions
 a - 2 potions of berserk rage
 c - a potion of resistance {unknown}
 d - 7 potions of haste
 f - 3 potions of heal wounds
 h - 10 potions of curing
 i - 7 potions of mutation
 t - 4 potions of ambrosia
 v - a potion of cancellation {unknown}
 w - 2 potions of magic {unknown}
 D - 2 potions of attraction
 J - 6 potions of might
 K - 6 potions of lignification {unknown}
 N - 3 potions of invisibility {unknown}
 Q - 3 potions of enlightenment {unknown}
Miscellaneous
 e - a lightning rod (4/4)
 y - a phial of floods


   Skills:
 * Level 20.4 Fighting
 - Level 16.1 Maces & Flails
 + Level 14.9 Armour
 + Level 13.8 Dodging
 + Level 12.9 Shields


You had 15 spell levels left.
You didn't know any spells.
Your spell library was empty.

Dungeon Overview and Level Annotations

Branches:
Dungeon (15/15)            Temple (0/1) D:7            Lair (5/5) D:9
 Shoals (2/4) Lair:3        Snake (0/4) Lair:2        Slime (0/5) Lair:4
    Orc (2/2) D:10            Elf (0/3) Orc:2        Vaults (0/5) D:13
 Depths (1/4) D:15

Altars:
Ashenzari
Elyvilon
Gozag
Hepliaklqana
Nemelex Xobeh
Okawaru
Xom
Yredelemnul
The Shining One
Jiyva

Shops:
D:2 !   D:12 :   D:13 (   D:15 =   Orc:2 ?[**   Shoals:1 =   Shoals:2 =

Portals:
Trove: D:12 (give 5 potions of resistance)


Innate Abilities, Weirdness & Mutations

You have a pair of horns on your head.
You reflexively headbutt those who attack you in melee.
You expend magic power (3 MP) to strengthen your wands.


Message History

The alligator snapping turtle bites you from afar!!
You block the alligator snapping turtle's attack. x2
A red film seems to cover your vision as you go berserk!
You feel yourself moving faster!
You feel mighty!
The alligator snapping turtle bites you but does no damage.
The alligator snapping turtle bites you from afar!!!
You block the alligator snapping turtle's attack.
You hit the alligator snapping turtle but do no damage.
The alligator snapping turtle is moderately wounded.
You block the alligator snapping turtle's attack.
You hit the alligator snapping turtle but do no damage.
You headbutt the alligator snapping turtle!
The alligator snapping turtle is moderately wounded.
You block the alligator snapping turtle's attack. x3
The alligator snapping turtle bites you but does no damage.
You feel a strong urge to attack something.
You feel your anger nearly subside.
You are no longer berserk.
You are exhausted.
You feel yourself slow down.
The alligator snapping turtle bites you from afar!!
* * * LOW HITPOINT WARNING * * *
The alligator snapping turtle attacks as it pursues you!
You block the alligator snapping turtle's attack.
The alligator snapping turtle bites you from afar!!
* * * LOW HITPOINT WARNING * * *
You feel much better.
The alligator snapping turtle bites you from afar!!
* * * LOW HITPOINT WARNING * * *
You block the alligator snapping turtle's attack.
The alligator snapping turtle bites you but does no damage.
You feel much better.
The alligator snapping turtle bites you from afar.
* * * LOW HITPOINT WARNING * * *
You block the alligator snapping turtle's attack. x3
The alligator snapping turtle bites you from afar!!
* * * LOW HITPOINT WARNING * * *
The alligator snapping turtle attacks as it pursues you!
The alligator snapping turtle barely misses you.
The alligator snapping turtle bites you from afar!!
You die...

.....# #^~~~~~..##..~~~~~.... .P
....# #..~~~~...#.~~~~...# ...
...# ##.~~~~....~~~~~...# .P.
...# #...~......~~~>....###.P.
#..## #..~~~.....~~~...#.##...~
....#####...........~~)..#....~~~
.......##...........~~......~~~~≈
..~~...###...)..<...~~~.~.^.~~~~~
~~~.............@...~~~~~~~~~~~~~
~~.................~~~~~~~~~~~~~~
..~~...~.......ttt.~~~~~~~≈~~~≈≈≈
.~~~~~......≈≈≈≈t.########≈≈#≈≈≈≈
.~~~~~..#..≈≈≈≈≈~~# # ####≈≈≈≈
.~†~~...#≈≈≈≈≈..~~# ~~~ ###≈≈
.~~~~....≈≈≈≈≈≈~~###~~≈~ ##≈
.~~~~~...≈≈≈≈≈.~##~~~≈≈≈ #~~
..~~~~~.≈≈≈≈≈≈≈~~~t~~≈≈≈ ##~


You could see 4 alligator snapping turtles.

Vanquished Creatures
  Jorgrun (Shoals:1)
  Kirke (Lair:3)
  An orc warlord (Orc:1)
  The ghost of Zupieh the Severer, a journeyman HuFi of Hepliaklqana (Lair:5)
  4 merfolk impalers
  2 entropy weavers (shapeshifter)
  Josephine (Shoals:1)
  A vault guard (D:13)
  An ice dragon (Lair:5)
  The ghost of Qucs the Slicer, a journeyman DsGl of Uskayaw (Lair:3)
  A merfolk aquamancer (Shoals:1)
  2 boulder beetles
  8 hydras
  2 merfolk avatars
  7 centaur warriors
  2 dancing weapons
  Erica (D:8)
  6 tengu warriors
  A deep troll earth mage (D:15)
  A satyr (Shoals:2)
  5 death yaks (Lair:2)
  5 two-headed ogres
  6 orc high priests (Orc:2)
  The ghost of Aneyh the Spear-Bearer, a novice TeMo of Hepliaklqana (Lair:1)
  A soul eater (D:15)
  6 skeletal warriors
  A sun demon (D:15)
  A skyshark (Shoals:2)
  4 sea snakes
  3 lindwurms
  A wizard (D:14)
  An orc knight (Orc:2)
  9 harpies
  An orc sorcerer (Orc:1)
  4 deep elf pyromancers
  3 oklob plants
  7 fauns
  7 cyclopes
  3 ugly things
  2 salamanders
  8 manticores
  An elephant (Lair:3)
  A merfolk siren (Shoals:2)
  4 black mambas
  3 water nymphs
  A gargoyle (D:12)
  7 torpor snails
  9 cane toads
  3 rime drakes
  2 unseen horrors
  8 komodo dragons
  3 tengu conjurers
  A yaktaur (shapeshifter) (D:15)
  2 efreet (D:14)
  3 meliai (D:15)
  5 polar bears
  16 merfolk
  A meliai (shapeshifter) (D:15)
  3 tyrant leeches (Lair:5)
  6 trolls
  7 hornets (Lair:5)
  A snapping turtle (Shoals:2)
  4 blink frogs (Lair:3)
  4 dream sheep (Shoals:2)
  2 wind drakes
  13 slime creatures
  A vampire (D:10)
  6 wraiths
  3 wyverns
  Grum (D:8)
  39 yaks
  A basilisk (shapeshifter) (D:15)
  5 basilisks
  3 water elementals (Shoals:1)
  A hog (Lair:3)
  2 steam dragons
  6 wargs
  15 vampire mosquitoes
  2 nagas (Lair:2)
  A warg (shapeshifter) (D:15)
  An acid dragon (D:11)
  18 water moccasins
  A sky beast (D:7)
  4 ice beasts
  6 black bears
  19 orc warriors
  9 ogres
  15 centaurs
  29 wolves
  2 kobold brigands
  2 gnoll sergeants
  15 bullfrogs
  4 scorpions
  A water moccasin zombie (D:4)
  4 wights (D:9)
  14 killer bees
  An oklob sapling (D:9)
  7 howler monkeys
  10 electric eels
  2 hounds (D:5)
  5 jellies
  A gnoll bouda (D:6)
  37 orc priests
  Ijyb (D:5)
  A sleepcap (D:5)
  An iguana (D:5)
  21 orc wizards
  A scorpion zombie (D:4)
  2 hound zombies (D:4)
  13 gnolls
  17 adders
  A shadow imp (D:5)
  2 white imps
  4 ufetubi
  An adder zombie (D:4)
  3 worms
  4 dart slugs
  96 orcs
  16 ball pythons
  8 endoplasms
  2 giant cockroaches (D:2)
  9 goblins
  13 hobgoblins
  5 jackals
  4 quokkas
  8 bats
  5 frilled lizards
  13 kobolds
  3 rats
781 creatures vanquished.

Vanquished Creatures (collateral kills)
  Gastronok (D:10)
  An ugly thing (D:12)
  A troll (Orc:1)
  2 vampire mosquitoes (D:12)
  9 orc warriors (Orc:1)
  2 electric eels (D:10)
  3 orc priests (Orc:1)
  2 gnolls (Orc:1)
  5 orcs
26 creatures vanquished.

Vanquished Creatures (others)
  3 orc wizards
  An orc (D:10)
4 creatures vanquished.

Grand Total: 811 creatures vanquished

Notes
Turn   | Place    | Note
-------+----------+-------------------------------------------
     0 | D:1      | greenreed the Minotaur Berserker began the quest for the
                  | Orb.
     0 | D:1      | Reached XP level 1. HP: 19/19 MP: 0/0
   171 | D:1      | Reached XP level 2. HP: 17/27 MP: 1/1
   592 | D:1      | Reached skill level 4 in Fighting
   795 | D:1      | Reached XP level 3. HP: 24/33 MP: 2/2
  1340 | D:2      | Reached ** piety under Trog
  1503 | D:2      | Reached XP level 4. HP: 19/41 MP: 3/3
  1686 | D:2      | Found Pik Nyal's Distillery.
  1692 | D:2      | Bought a potion of degeneration for 11 gold pieces
  2481 | D:4      | Reached skill level 5 in Fighting
  2483 | D:4      | Reached XP level 5. HP: 48/48 MP: 4/4
  2486 | D:4      | Reached skill level 5 in Maces & Flails
  2588 | D:4      | Found a basalt altar of Yredelemnul.
  2619 | D:4      | Reached *** piety under Trog
  2657 | D:4      | Noticed a black bear
  2665 | D:4      | Killed a black bear
  2666 | D:4      | Reached XP level 6. HP: 57/57 MP: 5/5
  2714 | D:4      | Reached skill level 6 in Fighting
  3086 | D:4      | Reached XP level 7. HP: 62/64 MP: 6/6
  3215 | D:5      | Entered Level 5 of the Dungeon
  3285 | D:5      | Noticed Ijyb
  3309 | D:5      | Killed Ijyb
  3318 | D:5      | Reached skill level 7 in Fighting
  3542 | D:5      | Reached skill level 5 in Armour
  3649 | D:5      | Reached XP level 8. HP: 73/73 MP: 7/7
  3945 | D:5      | Reached **** piety under Trog
  4029 | D:5      | Reached skill level 8 in Fighting
  4200 | D:6      | Reached skill level 5 in Dodging
  4402 | D:6      | Reached skill level 9 in Fighting
  4437 | D:6      | Found a shimmering altar of Xom.
  4440 | D:6      | Found a sparkling altar of Nemelex Xobeh.
  4440 | D:6      | Found a white marble altar of Elyvilon.
  4443 | D:6      | Found a broken altar of Ashenzari.
  4458 | D:6      | Reached XP level 9. HP: 83/83 MP: 8/8
  5021 | D:7      | Found a staircase to the Ecumenical Temple.
  5114 | D:7      | Reached skill level 10 in Fighting
  5123 | D:7      | Reached skill level 10 in Maces & Flails
  5349 | D:7      | Found a glowing golden altar of the Shining One.
  5616 | D:8      | Noticed Grum
  5636 | D:8      | Killed Grum
  5743 | D:8      | Reached XP level 10. HP: 47/94 MP: 9/9
  5753 | D:8      | Reached ***** piety under Trog
  6007 | D:8      | Noticed Erica
  6021 | D:8      | Killed Erica
  6022 | D:8      | Reached skill level 11 in Fighting
  6022 | D:8      | Reached skill level 1 in Shields
  6099 | D:8      | Found an iron altar of Okawaru.
  6363 | D:9      | Identified the "Leotienk"
  6374 | D:9      | Noticed a two-headed ogre
  6390 | D:9      | Killed a two-headed ogre
  7228 | D:9      | Found a staircase to the Lair.
  7245 | D:9      | Reached skill level 12 in Fighting
  7302 | D:9      | Reached XP level 11. HP: 104/104 MP: 10/10
  7833 | D:10     | Entered Level 10 of the Dungeon
  7881 | D:10     | Identified the +0 ring mail of Honikh {Str+3}
  7992 | D:10     | Found an opulent altar of Gozag.
  7994 | D:10     | Found a hazy altar of Hepliaklqana.
  8209 | D:10     | Noticed a two-headed ogre
  8218 | D:10     | Killed a two-headed ogre
  8307 | D:10     | Identified the +1 pair of boots of a wizard's laboratory
                  | {-Cast rElec rPois Str+2}
  8362 | D:10     | Found a staircase to the Orcish Mines.
  8413 | D:10     | Noticed Gastronok
  8429 | D:10     | Received a gift from Trog
  8440 | D:10     | Killed Gastronok
  8940 | D:11     | Reached skill level 13 in Fighting
  9042 | D:11     | Reached skill level 5 in Shields
  9105 | D:11     | Noticed a two-headed ogre
  9115 | D:11     | Killed a two-headed ogre
  9235 | D:11     | Noticed a two-headed ogre
  9245 | D:11     | Killed a two-headed ogre
  9389 | D:12     | Found a portal to a secret trove of treasure.
  9468 | D:12     | Noticed a red ugly thing
  9486 | D:12     | Killed a red ugly thing
  9570 | D:12     | Reached XP level 12. HP: 114/115 MP: 11/11
  9865 | D:12     | Found Cyfebrul's Book Emporium.
  9882 | D:12     | Reached skill level 10 in Armour
  9972 | D:12     | Reached skill level 14 in Fighting
 10146 | D:13     | Noticed a tengu warrior
 10270 | D:13     | Noticed a tengu warrior
 10270 | D:13     | Noticed a tengu warrior
 10281 | D:13     | Killed a tengu warrior
 10289 | D:13     | Killed a tengu warrior
 10415 | D:13     | a spriggan changed into an entropy weaver
 10415 | D:13     | Noticed an entropy weaver (shapeshifter)
 10433 | D:13     | Killed an entropy weaver
 10488 | D:13     | Noticed a tengu warrior
 10497 | D:13     | Killed a tengu warrior
 10510 | D:13     | Noticed an eight-headed hydra
 10516 | D:13     | Killed an eight-headed hydra
 10713 | D:13     | Noticed a centaur warrior
 10725 | D:13     | Killed a centaur warrior
 10732 | D:13     | Noticed a vault guard
 10740 | D:13     | Killed a vault guard
 10790 | D:13     | Found a gate to the Vaults.
 10865 | D:13     | Reached skill level 10 in Dodging
 10865 | D:13     | Reached XP level 13. HP: 91/125 MP: 12/12
 10873 | D:13     | Reached skill level 15 in Fighting
 10873 | D:13     | Reached skill level 15 in Maces & Flails
 10976 | D:13     | Found Yxyl's Antique Weapon Boutique.
 12584 | D:15     | Entered Level 15 of the Dungeon
 12584 | D:15     | Found a hazy altar of Hepliaklqana.
 12591 | D:15     | Found Madghiuts's Jewellery Shoppe.
 12593 | D:15     | Found a broken altar of Ashenzari.
 12667 | D:15     | Bought a ring of flight for 297 gold pieces
 12714 | D:15     | Reached skill level 16 in Fighting
 12764 | D:15     | Found a staircase to the Depths.
 12796 | D:15     | Identified the +10 rapier of Tinadem {drain, rF+ Int+4
                  | Dex-4 SInv}
 12889 | D:15     | Received a gift from Trog
 13457 | Desolati | Identified the "Midal"
 13457 | Desolati | Identified the "Enwiloil"
 13457 | Desolati | Identified the "Biew"
 13457 | Crypt:3  | Identified the "Zucaz"
 13457 | Depths:1 | Entered Level 1 of the Depths
 13485 | D:15     | Reached XP level 14. HP: 98/138 MP: 13/13
 13645 | Lair:1   | Entered Level 1 of the Lair of Beasts
 13938 | Lair:1   | Gained mutation: You expend magic power (3 MP) to
                  | strengthen your wands. [potion of mutation]
 14020 | Lair:1   | Found a runed translucent door.
 14020 | Lair:1   | Found a shimmering altar of Xom.
 14020 | Lair:1   | Noticed Aneyh's ghost (novice TeMo)
 14037 | Lair:1   | Killed Aneyh's ghost
 14535 | Lair:2   | Reached skill level 17 in Fighting
 14886 | Lair:2   | Reached skill level 10 in Shields
 15158 | Lair:2   | Found a staircase to the Snake Pit.
 15304 | Lair:3   | Found a staircase to the Shoals.
 15315 | Lair:3   | Reached ****** piety under Trog
 15685 | Lair:3   | Noticed Qucs's ghost (journeyman DsGl)
 15685 | Lair:3   | Noticed Kirke
 15703 | Lair:3   | Killed Kirke
 15737 | Lair:3   | Found a transporter.
 15801 | Lair:3   | Found a transporter.
 16094 | Lair:3   | Killed Qucs's ghost
 16102 | Lair:3   | Received a gift from Trog
 16233 | Lair:3   | Reached skill level 18 in Fighting
 16714 | Lair:4   | Found a viscous altar of Jiyva.
 16714 | Lair:4   | Found a staircase to the Slime Pits.
 16989 | Lair:5   | Entered Level 5 of the Lair of Beasts
 17197 | Lair:5   | Reached XP level 15. HP: 136/149 MP: 14/14
 17245 | Lair:5   | Found a runed translucent door.
 17417 | Lair:5   | Found a runed translucent door.
 18116 | Lair:5   | Noticed Zupieh's ghost (journeyman HuFi)
 18252 | Lair:5   | Killed Zupieh's ghost
 18276 | Lair:5   | Identified the +5 leather armour of the Lizard {+Blink}
 18579 | Orc:1    | Entered Level 1 of the Orcish Mines
 18624 | Orc:1    | Received a gift from Trog
 18628 | Orc:1    | Reached skill level 19 in Fighting
 18832 | Orc:2    | Entered Level 2 of the Orcish Mines
 19146 | Orc:2    | Received a gift from Trog
 19236 | Orc:2    | Found Kuak Gan's Magic Scroll Shoppe.
 19236 | Orc:2    | Found Ticsix's Antique Armour Boutique.
 19260 | Orc:2    | Bought a scroll of identify for 30 gold pieces
 19260 | Orc:2    | Bought a scroll of identify for 30 gold pieces
 19295 | Orc:2    | Found a staircase to the Elven Halls.
 19539 | Orc:2    | Found Seinum's Assorted Antiques.
 19580 | Orc:2    | Bought an amethyst potion for 23 gold pieces
 19584 | Orc:2    | Found Jamig's General Store.
 19671 | Orc:2    | Bought a potion of berserk rage for 65 gold pieces
 20044 | Shoals:1 | Entered Level 1 of the Shoals
 20193 | Shoals:1 | Noticed Josephine
 20195 | Shoals:1 | Noticed Jorgrun
 20199 | Shoals:1 | Killed Josephine
 20221 | Shoals:1 | Killed Jorgrun
 20221 | Shoals:1 | Received a gift from Trog
 20384 | Shoals:1 | Found Xoanalar's Jewellery Shop.
 20967 | Shoals:2 | Reached skill level 20 in Fighting
 20982 | Shoals:2 | Reached XP level 16. HP: 67/162 MP: 15/15
 21268 | Shoals:2 | Found Tudoeblu's Jewellery Shop.
 21732 | Shoals:2 | Slain by an alligator snapping turtle

Illustrated notes

Levels and vault maps discovered:
D:1:      dpeg_arrival_shrine, layout_loops_ring, serial_co_window_serial,
          co_window_corner_a, co_window_paths_b, co_window_of_opportunity_a,
          co_window_corner_a, co_window_corner_a, co_window_corner_a,
          co_window_paths_a, co_window_of_opportunity_a, co_window_corner_a,
          co_window_unsneaky_path_e, co_window_cross_2, co_window_broadway_a,
          glass_columns_b, glass_columns_a
D:2:      layout_basic, serial_shops, shop, minmay_misc_feat_secret_circle
D:3:      layout_rooms
D:4:      layout_rooms, nicolae_yredelemnul_corpse_copse,
          minmay_fractal_squares_5
D:5:      layout_basic, nicolae_half_adder, uniq_ijyb
D:6:      layout_cave_pods, grunt_temple_overflow_open
D:7:      layout_rooms, nicolae_tso_swordbearing_angel,
          minmay_temple_entry_trees
D:8:      layout_loops_ring, kennysheep_mini, kennysheep_generic_room_9,
          uniq_grum, uniq_erica
D:9:      layout_layer_cave, minmay_lair_entry_grove, nicolae_water_bricks,
          introduction_to_nature_2
D:10:     layout_basic, gammafunk_temple_overflow_pools, david_orc_3,
          uniq_gastronok
D:11:     layout_rooms
D:12:     layout_irregular_city, enter_trove_1, serial_shops, shop
D:13:     layout_roguey, erik_vaults_1, serial_shops, nicolae_shop_crystal
D:14:     layout_grid_maze, nrook_pool_corridor
D:15:     hellmonk_depths_entry_around_the_bend, layout_rooms,
          lemuel_crystal_altar, serial_glass, glass_columns_a, glass_columns_b,
          glass_columns_c, glass_columns_b, glass_columns_b, glass_columns_b,
          glass_columns_b, glass_columns_c, glass_columns_b, glass_columns_a,
          glass_columns_a, glass_columns_b, glass_columns_c, glass_columns_b,
          serial_shops, nicolae_shop_advertising_works
          [nicolae_subvault_shop_adworks], ashenzari_altar_1
Lair:1:   layout_regular_city, ebering_ghost_xom
Lair:2:   layout_hall_layers, alex1729_snake_entry_snake
Lair:3:   layout_gridlike, shoals_dummy_entry, nzn_ghost_randoct, uniq_kirke
Lair:4:   layout_hall_layers, slime_entry_1
Lair:5:   wormcave, layout_gridlike, ebering_ghost_reflecting_pool,
          grunt_megastairs_1
Shoals:1: layout_shoals, serial_shops, shop, uniq_jorgrun, uniq_josephine
Shoals:2: layout_shoals, serial_shops, shop, nicolae_shoals_goliath_grotto
Orc:1:    layout_caves, special_room [special_room_orc]
Orc:2:    st_orc_town, layout_caves
Depths:1: layout_honeycomb, enter_ziggurat_f, hellmouth_3, pan_entry,
          chequers_serial_rivers_small_b, abyss_entry, nicolae_elemental_shop,
          grunt_tough_drop, minmay_shop_grove, uniq_sojobo

Skill      XL: |  1  2  3  4  5  6  7  8  9 10 11 12 13 14 15 |
---------------+----------------------------------------------+-----
Maces & Flails | 4 5 6 7 9 10 12 13 14 16 | 16.1
Fighting       | 4 5 6 7 9 10 12 13 14 16 18 20 | 20.4
Armour         | 3 4 5 6 7 8 9 10 11 13 14 | 14.9
Dodging        | 3 4 5 6 7 8 10 11 12 13 | 13.8
Shields        | 3 5 7 9 10 12 | 12.9

Action                     |  1- 3 |  4- 6 |  7- 9 | 10-12 | 13-15 | 16-18 || total
---------------------------+-------+-------+-------+-------+-------+-------++-------
  Melee: Mace              |    87 |   107 |   255 |   317 |       |       ||   766
         Headbutt          |    16 |    12 |    41 |   116 |   225 |    24 ||   434
         Punch             |     1 |     2 |     4 |       |       |       ||     7
         Flail             |       |       |       |   273 |   223 |       ||   496
         Eveningstar       |       |       |       |       |   937 |   101 ||  1038
         Unarmed           |       |       |       |       |    13 |       ||    13
   Fire: Hand cannon       |       |       |       |       |     1 |       ||     1
 Invoke: Berserk           |       |     2 |     3 |     5 |     4 |     1 ||    15
         Trog's Hand       |       |       |     3 |     1 |     5 |     2 ||    11
         Brothers in Arms  |       |       |       |     2 |     1 |       ||     3
  Evoke: Wand              |       |       |       |     2 |     3 |       ||     5
    Use: Scroll            |       |       |       |       |    13 |       ||    13
         Potion            |       |       |       |       |     4 |     2 ||     6
 Armour: Animal skin       |    53 |     8 |       |       |       |       ||    61
         Chain mail        |       |    57 |   250 |   632 |    37 |       ||   976
         Plate armour      |       |       |       |       |   867 |   106 ||   973
         Skin              |       |       |       |       |     5 |       ||     5
  Dodge: Dodged            |    59 |    64 |   190 |   307 |   426 |    53 ||  1099
  Block: Kite shield       |       |       |       |   111 |   218 |       ||   329
         Tower shield      |       |       |       |       |   607 |    91 ||   698

Table legend: (Time is in decaauts)
 A = Elapsed time spent in this place.
 B = Non-inter-level travel time spent in this place.
 C = Inter-level travel time spent in this place.
 D = Time resting spent in this place.
 E = Time spent auto-exploring this place.
 F = Levels seen in this place.
 G = Mean time per level.
                   A        B        C        D        E       F      G
               +--------+--------+--------+--------+--------+-----+--------+
         Total |  21585 |  20517 |   1068 |   1121 |  14980 |  25 |  863.4 |
       Dungeon |  13889 |  13195 |    694 |    826 |   9641 |  15 |  925.9 |
          Lair |   4712 |   4431 |    281 |     48 |   3495 |   5 |  942.4 |
        Shoals |   1646 |   1632 |     14 |    158 |   1058 |   2 |  823.0 |
  Orcish Mines |   1319 |   1241 |     78 |     87 |    786 |   2 |  659.5 |
        Depths |     17 |     17 |      0 |      0 |      0 |   1 |   17.0 |
               +--------+--------+--------+--------+--------+-----+--------+

Top non-repeatable levels by time:
     D:9: 1554 daAuts
    D:14: 1326 daAuts
  Lair:5: 1320 daAuts
     D:1: 1319 daAuts
    D:10: 1148 daAuts
  Lair:3: 1085 daAuts
     D:5: 993 daAuts
    D:13: 992 daAuts
    D:15: 961 daAuts
     D:8: 907 daAuts
    D:12: 879 daAuts
Shoals:1: 857 daAuts
  Lair:1: 839 daAuts
     D:6: 828 daAuts
     D:4: 810 daAuts
